 Dungeon Crawl Stone Soup version 0.24-a0-506-g958ff8eaa0 (webtiles) character file.

Game seed: 10488313781740320057

242 KapersCrawl the Insei (level 5, -1/39 HPs)
             Began as a Demonspawn Transmuter on July 18, 2019.
             Killed from afar by an orc wizard (8 damage)
             ... with a magic dart
             ... on level 4 of the Dungeon.
             The game lasted 00:12:13 (3516 turns).

KapersCrawl the Insei (Demonspawn Transmuter)       Turns: 3516, Time: 00:12:14

Health: -1/39      AC:  2    Str: 10    XL:     5   Next: 81%
Magic:  6/9        EV: 13    Int: 16    God:
Gold:   127        SH:  0    Dex: 20    Spells: 4/10 levels left

rFire    . . .     SeeInvis .   w - +0 hunting sling
rCold    . . .     Gourm    .   (no shield)
rNeg     . . .     Faith    .   b - +0 robe
rPois    .         Spirit   .   (helmet restricted)
rElec    .         Reflect  +   (no cloak)
rCorr    .         Harm     .   (no gloves)
MR       .....                  (no boots)
Stlth    +.........             k - +2 amulet of reflection
HPRegen  0.13/turn              l - +5 ring of dexterity
MPRegen  0.11/turn              x - +2 ring of dexterity

@: confused
A: antennae 1, foul stench 1, spiny 1, rot immunity
a: no special abilities


You were on level 4 of the Dungeon.
You were not hungry.

You visited 1 branch of the dungeon, and saw 4 of its levels.

You collected 127 gold pieces.

Inventory:

Hand Weapons
 w - a +0 hunting sling (weapon)
Missiles
 a - 100 arrows
 h - 51 stones (quivered)
 q - 17 poisoned darts
Armour
 b - a +0 robe (worn)
Jewellery
 j - an uncursed amulet of faith
 k - a +2 amulet of reflection (around neck)
 l - a +5 ring of dexterity (left hand)
 x - a +2 ring of dexterity (right hand)
Scrolls
 e - a scroll of fear
 g - a scroll of teleportation
 i - a scroll of identify
 m - 3 scrolls of immolation
 n - a scroll of remove curse
 o - 3 scrolls of enchant weapon {unknown}
 p - a scroll of blinking {unknown}
 r - a scroll of noise {unknown}
 u - a scroll of amnesia {unknown}
 y - a scroll of random uselessness {unknown}
Potions
 c - 2 potions of curing
 s - 2 potions of haste
 t - 2 potions of brilliance
 v - a potion of berserk rage
Comestibles
 d - 4 rations
 f - 8 chunks of flesh


   Skills:
 + Level 2.5 Fighting
 - Level 2.0 Dodging
 + Level 1.4 Stealth
 + Level 3.5 Unarmed Combat
 + Level 3.0 Spellcasting
 + Level 2.9 Transmutations
 + Level 1.4 Poison Magic


You had 4 spell levels left.
You knew the following spells:

 Your Spells              Type           Power        Failure   Level  Hunger
a - Beastly Appendage     Tmut           ##....       5%          1    #......
b - Sticks to Snakes      Tmut           ##......     9%          2    ##.....
c - Spider Form           Tmut/Pois      #.........   22%         3    ###....

Your spell library contained the following spells:

 Spells                   Type           Power        Failure   Level  Hunger
 Magic Dart               Conj           #...         19%         1    #......
 Blink                    Tloc           N/A          28%         2    ##.....
 Call Imp                 Summ           #.......     28%         2    ##.....
 Slow                     Hex            #.......     28%         2    ##.....
 Mephitic Cloud           Conj/Pois/Air  #.......     41%         3    ###....
 Conjure Flame            Conj/Fire      #.......     50%         3    ###....
 Ice Form                 Ice/Tmut       #.......     69%         4    #####..
 Blade Hands              Tmut           ##........   83%         5    ######.


Dungeon Overview and Level Annotations

Branches:
Dungeon (4/15)
 Temple: D:4-7

Altars:

Annotations:
D:4 exclusion: iguana


Innate Abilities, Weirdness & Mutations

You have a pair of small antennae on your head.
You may emit foul miasma when damaged in melee.
You are partially covered in sharp spines.
You are immune to rotting.


Message History

An orc priest comes into view. It is wielding a +0 club.
The orc wizard points at you and mumbles some strange words.
You are confused.
You are too injured to fight recklessly!
Firing (i - inventory. (/) - cycle)
h - 52 stones (quivered)
Press: ? - help, Shift-Dir - straight line, f/p - orc wizard
Aim: an orc wizard, wielding a +0 dagger and wearing a +0 robe (lightly wounded, constricted by your ball python, poisoned)
You shoot a stone.
Your adder bites the orc wizard.
The orc wizard looks even sicker.
Your adder poisons the orc wizard!
Your ball python bites the orc wizard but does no damage.
Your ball python constricts the orc wizard.
The orc priest mumbles some strange prayers to Beogh against you.
Beogh smites you!
* * * LOW HITPOINT WARNING * * *
Your adder bites the orc wizard.
Your ball python bites the orc wizard but does no damage.
Your ball python constricts the orc wizard.
The orc wizard casts a spell at you. The magic dart hits you!
You die...

#...............+
...........o....# ###
.[..........o...# #..
................#######.#
###..#.#####.).S......#.#
##.#.# #..oS)...#.#.###
#...# #.#....#.#.#<..#
###..#####.#.#....#.#.#l#
#.......##.#.#@.....#.#.#
#...>......#.#........#.#
#.......####.##########.#
..........# #.# .#
(.........# #.# ..
..........# #+ ##
........... ....<.......
.........


You could see an orc priest, an orc wizard, an orc, a friendly adder and a
friendly ball python.

Vanquished Creatures
  4 adders
  3 gnolls (D:3)
  2 oozes
  3 worms
  A dart slug (D:1)
  6 leopard geckos
  5 orcs
  2 giant cockroaches
  6 hobgoblins
  7 jackals
  7 kobolds
  A quokka (D:4)
  A ball python (D:3)
  7 bats
  6 frilled lizards
  7 goblins
  8 rats
76 creatures vanquished.

Vanquished Creatures (collateral kills)
  An orc priest (D:4)
  An orc wizard (D:4)
  A centaur skeleton (D:4)
  3 adders (D:3)
  A hobgoblin (D:3)
7 creatures vanquished.

Grand Total: 83 creatures vanquished

Notes
Turn   | Place    | Note
-------+----------+-------------------------------------------
     0 | D:1      | KapersCrawl the Demonspawn Transmuter began the quest for
                  | the Orb.
     0 | D:1      | Reached XP level 1. HP: 15/15 MP: 3/3
   318 | D:1      | Gained mutation: You are immune to rotting. [demonic
                  | ancestry]
   318 | D:1      | Reached XP level 2. HP: 21/21 MP: 3/5
   480 | D:1      | Learned a level 2 spell: Sticks to Snakes
   915 | D:2      | Gained mutation: You are partially covered in sharp spines.
                  | [demonic ancestry]
   915 | D:2      | Reached XP level 3. HP: 22/26 MP: 4/6
  1592 | D:2      | Learned a level 3 spell: Spider Form
  1868 | D:3      | Gained mutation: You may emit foul miasma when damaged in
                  | melee. [demonic ancestry]
  1868 | D:3      | Reached XP level 4. HP: 24/33 MP: 2/7
  2617 | D:3      | Reached skill level 1 in Poison Magic
  3081 | D:4      | Gained mutation: You have a pair of small antennae on your
                  | head. [demonic ancestry]
  3081 | D:4      | Reached XP level 5. HP: 38/38 MP: 9/9
  3087 | D:4      | Reached skill level 1 in Stealth
  3516 | D:4      | Killed from afar by an orc wizard

Levels and vault maps discovered:
D:1:      wander_arrival_fairy_ring, layout_rooms, st_stairs_1,
          minmay_pentomino_q2
D:2:      layout_basic, first_ration
D:3:      layout_loops_corners
D:4:      layout_basic, nicolae_overflow_hidden_temple

Skill      XL: |  1  2  3  4  5 |
---------------+----------------+-----
Dodging        | 2 |  2.0
Transmutations | 2 |  2.9
Unarmed Combat | 3 |  3.5
Fighting       | 2 |  2.5
Poison Magic   | 1 |  1.4
Stealth        | 1 |  1.4
Spellcasting   | 3 |  3.0

Action                   |  1- 3 |  4- 6 || total
-------------------------+-------+-------++-------
Melee: Unarmed           |   105 |    26 ||   131
       Kick              |    13 |     8 ||    21
       Punch             |     1 |     1 ||     2
       Headbutt          |     4 |     2 ||     6
 Fire: Hunting sling     |       |    78 ||    78
Throw: Stone             |     2 |     9 ||    11
       Dart              |     1 |       ||     1
 Cast: Beastly Appendage |    29 |    12 ||    41
       Sticks to Snakes  |     2 |     8 ||    10
  Use: Scroll            |     4 |     6 ||    10
       Potion            |     2 |       ||     2
 Stab: Sleeping          |     2 |       ||     2
  Eat: Chunk             |     3 |     6 ||     9
Armor: Robe              |    10 |     6 ||    16
Dodge: Dodged            |    54 |    19 ||    73

Table legend:
 A = Non-vault XP
 B = Vault XP
 C = Vault XP percentage of total XP
 D = Non-vault monster count
 E = Vault monster count
 F = Vault count percentage of total count
                 A         B        C        D         E       F
            +---------+---------+-------+---------+---------+-------
      Total |     341 |       5 |   1.4 |      79 |       4 |   4.8
            +---------+---------+-------+---------+---------+-------
        D:1 |      20 |       5 |  20.0 |      11 |       4 |  26.7
        D:2 |      61 |       0 |   0.0 |      24 |       0 |   0.0
        D:3 |     109 |       0 |   0.0 |      29 |       0 |   0.0
        D:4 |     151 |       0 |   0.0 |      15 |       0 |   0.0
            +---------+---------+-------+---------+---------+-------
